Map: Deathaura LE

Players

Armani

  • Race: Zerg Zerg
  • League: Master
  • Spawn Location: 11:00

Zest - Winner!

  • Race: Protoss Protoss
  • League: Master
  • Spawn Location: 5:00

Event: War Chest Team League

VOD

Have the link to the VOD?

Description

Time

  • Played on: Aug. 2, 2020, 7:24 a.m.
  • Length: 12:50
Show
View Real Time Build Order
Export as new Build Order

Armani Zerg 

Build Orders: Hatch First, Muta Ling Bane 

Get SALT Encoding   

  12  0:00  Drone  
  13  0:07  Drone  
  13  0:13  Extractor  
  13  0:15  Drone  
  15  0:37  Hatchery  
  14  0:44  Overlord  
  14  0:49  Extractor  
  13  0:50  Drone  
  15  1:03  Drone x2  
  17  1:06  Drone  
  18  1:15  Spawning Pool  
  18  1:16  Extractor  
  16  1:19  Drone  
  17  1:28  Drone  
  18  1:38  Drone  
  19  1:49  Drone x2  
  21  2:01  Queen x2  
  21  2:03  Overlord  
  21  2:04  Zergling x2  
  26  2:11  Drone  
  26  2:13  Drone  
  28  2:17  Metabolic Boost  
  28  2:22  Drone x2  
  30  2:38  Hatchery  
  30  2:40  Drone  
  30  2:41  Drone  
  31  2:46  Queen  
  33  2:52  Overlord  
  33  2:55  Drone  
  33  2:58  Drone  
  35  2:59  Drone  
  36  3:09  Drone, Spore Crawler  
  36  3:11  Drone x3  
  36  3:12  Drone  
  40  3:16  Drone  
  41  3:22  Queen  
  41  3:25  Overlord  
  43  3:30  Drone  
  44  3:36  Evolution Chamber  
  44  3:38  Drone  
  44  3:43  Drone  
  44  3:44  Drone x2  
  44  3:46  Drone  
  44  3:47  Overlord  
  48  3:49  Drone  
  48  3:52  Queen  
  48  3:54  Spore Crawler  
  50  3:57  Spore Crawler  
  50  3:58  Drone x3  
  50  4:02  Zerg Melee Weapons Level 1  
  52  4:06  Overlord  
  52  4:12  Zergling x8  
  52  4:15  Drone  
  56  4:20  Drone  
  56  4:22  Overlord  
  56  4:23  Drone  
  58  4:24  Overlord  
  58  4:28  Drone  
  58  4:33  Drone  
  58  4:34  Drone  
  58  4:35  Overlord  
  60  4:40  Baneling Nest  
  60  4:43  Extractor  
  58  4:45  Spine Crawler  
  58  4:48  Drone x3  
  58  4:49  Drone x4  
  64  4:57  Zergling x10  
  69  5:03  Drone x4  
  72  5:09  Drone  
  72  5:12  Roach Warren  
  72  5:13  Lair  
  72  5:14  Drone  
  72  5:19  Zergling x10  
  79  5:28  Extractor, Drone x7  
  84  5:30  Extractor, Overlord  
  84  5:32  Overlord  
  81  5:39  Overlord  
  81  5:41  Overlord  
  81  5:44  Overlord  
  81  5:46  Extractor  
  78  5:50  Drone  
  78  5:53  Drone  
  78  5:55  Drone  
  78  6:05  Drone x4  
  78  6:06  Drone  
  83  6:14  Zerg Melee Weapons Level 2  
  82  6:22  Roach x6  
  82  6:24  Overseer  
  94  6:26  Overlord  
  94  6:27  Glial Reconstitution  
  94  6:28  Drone  
  94  6:30  Baneling Nest  
  92  6:40  Drone x3  
  92  6:42  Hatchery  
  92  6:46  Overseer  
  94  6:48  Roach x2  
  94  6:49  Ravager  
  94  6:50  Ravager, Overlord  
  99  6:56  Roach x4  
  99  6:59  Overlord x2  
  106  7:02  Drone  
  106  7:03  Overlord  
  106  7:06  Drone x4  
  106  7:07  Drone  
  112  7:11  Drone  
  112  7:15  Drone  
  114  7:20  Centrifical Hooks  
  114  7:21  Drone x4  
  118  7:26  Drone  
  119  7:30  Extractor, Drone  
  119  7:33  Drone x2  
  119  7:35  Drone x2  
  119  7:36  Extractor  
  122  7:39  Extractor, Drone x2  
  122  7:40  Roach x2  
  125  7:48  Spire  
  125  7:51  Drone x2  
  125  7:52  Drone  
  125  7:53  Pneumatized Carapace  
  125  7:54  Zergling x10  
  132  8:01  Drone  
  132  8:03  Overlord  
  135  8:06  Ravager x4  
  135  8:07  Zergling x2  
  135  8:08  Zergling x8  
  142  8:19  Drone x2  
  142  8:20  Spore Crawler  
  142  8:24  Overlord  
  142  8:26  Hatchery  
  140  8:27  Overseer  
  140  8:35  Zerg Missile Weapons Level 1  
  140  8:38  Zergling x8  
  140  8:39  Overlord  
  144  8:41  Overlord  
  143  8:53  Overlord  
  143  9:00  Mutalisk  
  143  9:01  Mutalisk x11  
  167  9:03  Zergling x14  
  167  9:07  Baneling x7  
  167  9:08  Baneling  
  174  9:10  Baneling, Overlord  
  174  9:12  Baneling x2  
  174  9:13  Zergling x10  
  179  9:21  Baneling x8  
  179  9:23  Zergling x6  
  179  9:24  Zergling x6  
  185  9:31  Spine Crawler  
  185  9:32  Baneling x6, Spine Crawler  
  185  9:33  Baneling x5, Spine Crawler  
  185  9:37  Zergling x16  
  190  9:43  Baneling x8  
  189  9:47  Zergling x18  
  189  9:57  Baneling x9  
  189  9:58  Baneling x4  
  175  10:06  Zergling x22  
  175  10:08  Zergling x2  
  176  10:16  Zergling x18  
  177  10:27  Baneling x6  
  164  10:30  Zergling x18  
  164  10:33  Overlord  
  166  10:37  Baneling x2  
  166  10:42  Baneling x3  
  142  10:43  Baneling x7  
  126  10:51  Zergling x16  
  126  10:54  Mutalisk  
  126  10:55  Mutalisk  
  123  10:59  Drone  
  123  11:03  Mutalisk x3  
  128  11:06  Ravager x2  
  128  11:08  Roach  
  128  11:09  Drone x2  
  128  11:11  Extractor  
  133  11:14  Zergling x6  
  136  11:19  Baneling x4  
  136  11:22  Zergling x4  
  126  11:33  Roach x4  
  126  11:34  Overlord  
  126  11:36  Baneling  
  126  11:37  Baneling x2  
  132  11:40  Baneling  
  132  11:42  Baneling x9  
  131  11:49  Zergling x2, Overlord  
  131  11:50  Overlord  
  131  11:51  Overlord  
  131  11:53  Roach  
  129  11:56  Baneling  
  129  12:01  Zergling x6  
  118  12:15  Zergling x2  
  118  12:16  Zergling x6  
  118  12:19  Hatchery  
  118  12:22  Baneling x6  
  121  12:26  Overlord  
  119  12:30  Zergling x14  
Show
View Real Time Build Order
Export as new Build Order

Zest Protoss - Winner!

Build Orders: 1 Gate Expand, Oracle Opening, Zealot Archon, Archon Drop 

Get SALT Encoding   

  12  0:00  Probe  
  13  0:12  Probe  
  14  0:18  Pylon  
  14  0:24  Probe  
  15  0:30  Assimilator  
  15  0:36  Probe (Chrono Boost)  
  16  0:43  Gateway  
  16  0:48  Probe (Chrono Boost)  
  17  0:53  Probe (Chrono Boost)  
  18  1:03  Probe  
  19  1:15  Probe  
  20  1:23  Nexus  
  20  1:33  Cybernetics Core  
  20  1:36  Probe  
  21  1:41  Assimilator  
  21  1:48  Probe  
  21  1:51  Pylon  
  22  2:00  Probe (Chrono Boost)  
  23  2:11  Probe (Chrono Boost), Stargate  
  23  2:12  Warp Gate  
  24  2:16  Probe (Chrono Boost)  
  24  2:22  Stalker  
  27  2:29  Probe (Chrono Boost)  
  28  2:35  Probe (Chrono Boost)  
  31  2:45  Probe x2 (Chrono Boost)  
  31  2:50  Probe (Chrono Boost)  
  31  2:51  Oracle (Chrono Boost)  
  31  2:52  Probe  
  36  3:01  Probe  
  36  3:04  Assimilator, Probe  
  38  3:06  Assimilator  
  38  3:14  Probe  
  38  3:16  Probe  
  38  3:18  Oracle (Chrono Boost)  
  40  3:20  Gateway  
  40  3:26  Probe  
  44  3:28  Probe  
  45  3:34  Robotics Facility  
  45  3:38  Pylon, Probe  
  46  3:45  Twilight Council  
  46  3:49  Pylon  
  46  3:56  Probe x2  
  48  4:04  Gateway x2  
  48  4:09  Probe x2  
  50  4:18  Warp Prism (Chrono Boost)  
  52  4:27  Templar Archives  
  52  4:28  Stalker  
  54  4:36  Adept  
  56  4:45  Probe x2  
  58  4:47  Pylon  
  58  4:49  Pylon  
  58  4:51  Zealot  
  60  5:00  Pylon  
  60  5:05  Nexus  
  60  5:11  Probe x2  
  60  5:13  High Templar x2  
  60  5:14  High Templar x2  
  70  5:16  Observer  
  70  5:17  Archon x2  
  70  5:20  Shield Battery  
  71  5:21  Pylon  
  71  5:30  Probe x2  
  71  5:34  Forge  
  73  5:42  Probe x2  
  75  5:54  Probe  
  80  5:57  Charge (Chrono Boost), Immortal  
  80  5:58  Probe  
  81  6:06  Gateway x2, Probe  
  81  6:10  Probe (Chrono Boost)  
  84  6:19  Probe (Chrono Boost)  
  84  6:21  Probe (Chrono Boost)  
  84  6:22  Probe (Chrono Boost)  
  86  6:30  Probe (Chrono Boost)  
  86  6:31  Probe (Chrono Boost)  
  89  6:33  Probe (Chrono Boost)  
  89  6:34  Probe (Chrono Boost)  
  89  6:36  Probe  
  89  6:37  Immortal (Chrono Boost)  
  95  6:40  Protoss Ground Weapons Level 1 (Chrono Boost)  
  95  6:42  Probe  
  95  6:43  Pylon  
  95  6:44  Assimilator  
  95  6:45  Probe  
  97  6:47  Assimilator  
  97  6:48  Probe  
  97  6:50  Photon Cannon  
  97  6:52  Pylon, Psionic Storm  
  97  6:54  Probe  
  99  6:55  Pylon  
  99  6:57  Probe  
  99  6:58  High Templar x3  
  99  6:59  High Templar  
  99  7:00  Probe  
  109  7:06  Photon Cannon x2, Probe  
  110  7:09  Probe  
  110  7:13  Probe  
  112  7:18  Probe  
  112  7:19  Immortal (Chrono Boost)  
  118  7:22  Probe  
  118  7:35  Gateway, Blink (Chrono Boost)  
  118  7:36  Gateway  
  118  7:39  Gateway  
  118  7:41  Gateway  
  118  7:52  Gateway  
  118  7:53  Gateway  
  118  7:55  Sentry x3  
  124  7:59  Gateway  
  124  8:00  Photon Cannon  
  124  8:10  Nexus  
  124  8:15  Pylon  
  124  8:30  Protoss Shields Level 1 (Chrono Boost)  
  124  8:32  Probe x2  
  124  8:33  Probe  
  127  8:36  High Templar x2  
  127  8:37  High Templar x2, Zealot x3  
  127  8:38  Pylon  
  127  8:41  Pylon, Archon x2  
  141  8:43  Pylon  
  141  8:44  Pylon  
  141  8:45  Pylon  
  141  8:53  Pylon  
  143  9:05  Observer  
  143  9:06  Stalker x2  
  143  9:07  Stalker x7  
  143  9:09  Stalker x2  
  165  9:10  Stalker  
  167  9:18  Photon Cannon  
  167  9:20  Warp Prism  
  167  9:24  Photon Cannon, Shield Battery  
  167  9:33  Zealot x3  
  167  9:34  Zealot x4  
  167  9:36  Zealot  
  167  9:37  Zealot  
  185  9:48  Archon  
  166  9:54  Stalker  
  166  9:55  Stalker x6  
  166  9:59  Zealot  
  157  10:08  Stalker  
  157  10:11  Zealot x4  
  142  10:37  Stalker x5  
  124  10:53  High Templar x2, Zealot x3  
  124  10:54  High Templar x2, Zealot  
  112  10:59  Archon  
  112  11:00  High Templar x2, Archon  
  112  11:03  High Templar  
  112  11:04  High Templar, Zealot  
  116  11:05  Archon  
  116  11:09  Archon  
  118  11:16  Stalker x2  
  118  11:17  Stalker x2  
  124  11:30  Zealot x5  
  110  11:43  High Templar x2, Zealot  
  110  11:44  Zealot x9  
  110  11:47  Archon  
  134  12:04  High Templar x2, Zealot x4  
  134  12:05  Zealot x4  
  154  12:09  Archon  
  146  12:20  Stalker  
  146  12:21  Stalker x2  
  125  12:44  High Templar x4, Zealot x3  
  108  12:45  Zealot  
Tags
 
Add a new tag
Caveats
  • Supply blocks, unpowered buildings, or Contaminate may cause inaccurate times.
  • Supply counts are checked every 10 seconds.